 Dungeon Crawl Stone Soup version 0.24-a0-375-g4de66ed42b (webtiles) character file.

Game seed: 2588196248670455683

5 ohad the Insei (level 1, -1/13 HPs)
             Began as an Octopode Transmuter on May 31, 2019.
             Slain by a kobold
             ... wielding a +0 dagger
              (3 damage)
             ... on level 1 of the Dungeon.
             The game lasted 00:00:31 (419 turns).

ohad the Insei (Octopode Transmuter)                 Turns: 419, Time: 00:00:32

Health: -1/13      AC:  1    Str:  9    XL:     1   Next: 80%
Magic:  2/3        EV: 13    Int: 15    God:
Gold:   15         SH:  0    Dex: 12    Spells: 3/4 levels left

rFire    . . .     SeeInvis .     - Unarmed
rCold    . . .     Gourm    .   (no shield)
rNeg     . . .     Faith    .   (helmet restricted)
rPois    .         Spirit   .   (no amulet)
rElec    .         Reflect  .   (no ring)
rCorr    .         Harm     .   (no ring)
MR       .....                  (no ring)
Stlth    ++........             (no ring)
HPRegen  0.04/turn              (no ring)
MPRegen  0.08/turn              (no ring)
                                (no ring)
                                (no ring)

@: appendage
A: almost no armour, stealthy swim, amphibious, 8 rings, constrict 8, tentacle
spike 3, camouflage 1, gelatinous body 1
a: End Transformation


You were on level 1 of the Dungeon.
You were not hungry.
One of your tentacles had a temporary spike.
You visited 1 branch of the dungeon, and saw 1 of its levels.

You collected 15 gold pieces.

Inventory:

Missiles
 a - 12 arrows
 d - 23 poisoned darts (quivered)
Scrolls
 b - a scroll of amnesia {unknown}
 f - a scroll of enchant armour {unknown}
 g - 2 scrolls of remove curse {unknown}
 h - a scroll of identify {unknown}
Potions
 e - a potion of brilliance {unknown}
 i - a potion of cancellation {unknown}
Comestibles
 c - 2 rations


   Skills:
 - Level 1.0 Fighting
 - Level 2.0 Dodging
 - Level 3.0 Unarmed Combat
 + Level 2.1 Spellcasting
 * Level 2.3 Transmutations


You had 3 spell levels left.
You knew the following spells:

 Your Spells              Type           Power        Failure   Level  Hunger
a - Beastly Appendage     Tmut           #.....       9%          1    #......

Your spell library contained the following spells:

 Spells                   Type           Power        Failure   Level  Hunger
 Sticks to Snakes         Tmut           #.......     13%         2    ###....
 Spider Form              Tmut/Pois      #.........   38%         3    ###....
 Ice Form                 Ice/Tmut       #.......     80%         4    #####..
 Blade Hands              Tmut           #.........   93%         5    ######.


Dungeon Overview and Level Annotations

Branches:
Dungeon (1/15)

Altars:


Innate Abilities, Weirdness & Mutations

You cannot wear most types of armour.
You are very stealthy in the water. (Stealth+)
You are amphibious.
You can wear up to eight rings at the same time.
You can use your tentacles to constrict eight enemies at once.
Your skin changes colour to match your surroundings (Stealth+).
Your rubbery body absorbs attacks. (AC +1, EV +1)
One of your tentacles bears a large vicious spike.


Message History

You throw a poisoned dart. The poisoned dart hits the hobgoblin.
The hobgoblin is poisoned.
You tentacle-slap the hobgoblin. Your grab misses the hobgoblin.
The hobgoblin is almost dead.
The hobgoblin hits you with a +0 club.
You tentacle-slap the hobgoblin.
You kill the hobgoblin!
You tentacle-slap the ooze.
The ooze is lightly wounded.
The ooze hits you.
You tentacle-slap the ooze.
You pierce the ooze.
The ooze is heavily wounded.
The ooze hits you. The kobold barely misses you.
You tentacle-slap the ooze but do no damage.
You pierce the ooze.
The ooze is severely wounded.
The ooze hits you.
* * * LOW HITPOINT WARNING * * *
The kobold hits you with a +0 dagger.
You die...

# ##. #.#......
### ##...
#.#......
..#####....⌠
#.#...(..
....#....⌠..
#....(...
.⌠.....⌠....
#........
............
#.......#
....<....##
##JK(....#
###...####
##.@##########
##...##
##............#
##..⌠..##
#.............#
#.......##
#.............#
..⌠...⌠..##
#.............#
....⌠.....#
#..####...#####
#.......###
#..# #...#
####.#### #..#
##### ...))...#
#..#


You could see an ooze and a kobold.

Vanquished Creatures
  A goblin (D:1)
  A hobgoblin (D:1)
  2 kobolds (D:1)
  A rat (D:1)
5 creatures vanquished.

Notes
Turn   | Place    | Note
-------+----------+-------------------------------------------
     0 | D:1      | ohad the Octopode Transmuter began the quest for the Orb.
     0 | D:1      | Reached XP level 1. HP: 13/13 MP: 3/3
   419 | D:1      | Slain by a kobold

Levels and vault maps discovered:
D:1:      dpeg_arrival_leaves_temple_mockup, layout_basic

Action                   || total
-------------------------++-------
Melee: Unarmed           ||    14
       Kick              ||     4
       Tentacles         ||     1
Throw: Dart              ||     3
 Cast: Beastly Appendage ||     2
Dodge: Dodged            ||     3

Table legend:
 A = Non-vault XP
 B = Vault XP
 C = Vault XP percentage of total XP
 D = Non-vault monster count
 E = Vault monster count
 F = Vault count percentage of total count
                 A         B        C        D         E       F
            +---------+---------+-------+---------+---------+-------
      Total |       8 |       0 |   0.0 |       5 |       0 |   0.0
            +---------+---------+-------+---------+---------+-------
        D:1 |       8 |       0 |   0.0 |       5 |       0 |   0.0
            +---------+---------+-------+---------+---------+-------
